 Dungeon Crawl Stone Soup version 0.21-b1-21-g86478ac (webtiles) character file.

56 myopia the Sneak (level 3, -4/24 HPs)
             Began as an Octopode Assassin on Jan 4, 2018.
             Slain by a worm (12 damage)
             ... on level 2 of the Dungeon.
             The game lasted 00:03:59 (941 turns).

myopia the Sneak (Octopode Assassin)                 Turns: 941, Time: 00:03:59

Health: -4/24      AC:  1    Str: 10    XL:     3   Next: 97%
Magic:  3/3        EV: 13    Int: 13    God:
Gold:   94         SH:  0    Dex: 14    Spells: 2/2 levels left

rFire    . . .     SeeInvis .   a - +2 dagger
rCold    . . .     Gourm    .   (no shield)
rNeg     . . .     Faith    .   (helmet restricted)
rPois    +         Spirit   .   (no amulet)
rElec    .         Reflect  .   j - ring of protection from magic
rCorr    .         Harm     .   s - ring of poison resistance
MR       +....                  (no ring)
Stlth    ++++......             (no ring)
HPRegen  0.08/turn              (no ring)
MPRegen  0.08/turn              (no ring)
                                (no ring)
                                (no ring)

@: no status effects
A: almost no armour, stealthy swim, amphibious, 8 rings, constrict 8, camouflage
1, gelatinous body 1
a: no special abilities


You were on level 2 of the Dungeon.
You were not hungry.

You visited 1 branch of the dungeon, and saw 2 of its levels.

You collected 94 gold pieces.

Inventory:

Hand Weapons
 a - a +2 dagger (weapon)
 b - a +0 blowgun
 p - a +2 vampiric short sword
Missiles
 c - 8 poisoned needles
 d - 2 curare-tipped needles
Jewellery
 j - a ring of protection from magic (left tentacle)
 s - a ring of poison resistance (right tentacle)
Scrolls
 i - 2 scrolls of identify {unknown}
 k - a scroll of teleportation {unknown}
 l - 2 scrolls of enchant weapon {unknown}
 o - a scroll of blinking {unknown}
Potions
 e - a potion of invisibility {unknown}
 g - 2 potions of lignification {unknown}
 h - a potion of haste {unknown}
 m - a potion of mutation {unknown}
 n - 3 potions of degeneration {unknown}
 r - a potion of resistance {unknown}
Comestibles
 f - 3 rations
 q - 3 chunks of flesh


   Skills:
 - Level 2.0 Fighting
 + Level 3.2 Short Blades
 - Level 2.0 Throwing
 - Level 1.0 Dodging
 + Level 6.5 Stealth


You had 2 spell levels left.
You didn't know any spells.

Dungeon Overview and Level Annotations

Branches:
Dungeon (2/15)

Altars:


Innate Abilities, Weirdness & Mutations

You cannot wear most types of armour.
You are very stealthy in the water. (Stealth+)
You are amphibious.
You can wear up to eight rings at the same time.
You can use your tentacles to constrict eight enemies at once.
Your skin changes colour to match your surroundings (Stealth+).
Your rubbery body absorbs attacks. (AC +1, EV +1)


Message History

The worm is heavily wounded.
You constrict the worm. You hit the worm.
The worm is severely wounded.
You constrict the worm. The worm bites you.
You hit the worm. You squeeze the worm.
You kill the worm!
You hit the worm. Your grab misses the worm.
The worm is lightly wounded.
You barely miss the worm. You grab the worm.
The worm is lightly wounded.
You constrict the worm. The worm bites you!
You hit the worm.
The worm is moderately wounded.
You constrict the worm. You hit the worm but do no damage.
The worm is heavily wounded.
You constrict the worm. The worm bites you!
Ouch! That really hurt!
You die...

#...............####.......#
#................).........#
#....................##.##.#
#....................##.##.####
##...........>.................
##.....#......#.....##.##.....
############.#.....##.###.##.
#.#.....##.# #.##. #@#.....##.#
#..#. #w#....## ......
##g##...# ###... #.†##....
...... #....# ...... #....#
....## ...>... #.## # .....?...
#.#### #.......##. .....


You could see a worm and a hobgoblin.

Vanquished Creatures
  An adder (D:2)
  2 worms (D:2)
  2 dart slugs (D:1)
  A leopard gecko (D:1)
  2 giant cockroaches (D:1)
  6 goblins
  7 hobgoblins
  2 jackals (D:1)
  2 kobolds
  A quokka (D:2)
  3 bats
  A frilled lizard (D:1)
  5 rats
35 creatures vanquished.

Notes
Turn   | Place    | Note
-------+----------+-------------------------------------------
     0 | D:1      | myopia the Octopode Assassin began the quest for the Orb.
     0 | D:1      | Reached XP level 1. HP: 14/14 MP: 1/1
   215 | D:1      | Reached XP level 2. HP: 19/19 MP: 2/2
   426 | D:1      | Reached skill level 6 in Stealth
   554 | D:1      | Reached XP level 3. HP: 24/24 MP: 3/3
   941 | D:2      | Slain by a worm

Skill      XL: |  1  2  3 |
---------------+----------+-----
Stealth        | 6 |  6.5
Short Blades   | 3 |  3.2
Fighting       | |  2.0
Throwing       | |  2.0
Dodging        | |  1.0

Action                   || total
-------------------------++-------
Melee: Dagger            ||    67
       Constrict         ||    12
       Tentacles         ||     6
 Stab: Sleeping          ||    17
Armor: Skin              ||     2
Dodge: Dodged            ||    30
